 Dungeon Crawl Stone Soup version 0.21.1-1-g345015f (webtiles) character file.

13007 nightchill the Cleaver (level 12, -4/98 HPs)
             Began as a Formicid Fighter on June 22, 2018.
             Was a Believer of Uskayaw.
             Slain by a wyvern (13 damage)
             ... on level 6 of the Lair of Beasts.
             The game lasted 00:49:45 (14745 turns).

nightchill the Cleaver (Formicid Fighter)          Turns: 14745, Time: 00:49:47

Health: -4/98      AC: 14    Str: 26    XL:     12   Next: 27%
Magic:  14/17      EV:  9    Int:  8    God:    Uskayaw [**....]
Gold:   836        SH: 13    Dex: 10    Spells: 11/11 levels left

rFire    + . .     SeeInvis +   a - +1 war axe
rCold    + . .     Gourm    .   c - +1 shield
rNeg     + . .     Faith    .   r - +0 plate armour
rPois    +         Spirit   .   (helmet unavailable)
rElec    +         Reflect  .   (no cloak)
rCorr    +         Harm     .   (no gloves)
MR       ++...                  v - +0 pair of boots (curse)
Stlth    ..........             s - amulet of magic regeneration
HPRegen  0.26/turn              e - ring of positive energy
MPRegen  0.40/turn              j - ring of protection from magic

@: resistant
A: permanent stasis, dig shafts and tunnels, four strong arms, antennae 3
a: Dig, Shaft Self, Stomp, Line Pass, Renounce Religion


You were on level 6 of the Lair of Beasts.
You worshipped Uskayaw.
Uskayaw was noncommittal.
You were near starving.

You visited 3 branches of the dungeon, and saw 16 of its levels.

You collected 836 gold pieces.

Inventory:

Hand Weapons
 a - a +1 war axe (weapon)
 b - a +1 hand axe of flaming
 o - a +0 shortbow of velocity
 M - a +0 hand crossbow
Missiles
 l - 401 stones
 p - 15 tomahawks (quivered)
Armour
 c - a +1 shield (worn)
 r - a +0 plate armour (worn)
 v - a cursed +0 pair of boots (worn)
 B - a cursed +0 pair of boots
 C - a +0 scale mail
Magical Staves
 x - an uncursed staff of power
Jewellery
 e - a ring of positive energy (left hand)
 j - a ring of protection from magic (right hand)
 s - an amulet of magic regeneration (around neck)
 L - a +2 ring of protection
Wands
 n - a wand of flame (33)
 z - a wand of random effects (27)
 E - a wand of paralysis (16)
Scrolls
 d - a scroll of magic mapping
 i - 3 scrolls of amnesia
 k - 3 scrolls of enchant armour
 m - 2 scrolls of identify
 w - 3 scrolls of fear
 y - a scroll of enchant weapon
 A - 2 scrolls of fog
 J - a scroll of torment
 N - 2 scrolls of remove curse
Potions
 g - a potion of ambrosia
 h - a potion of flight
 t - 2 potions of mutation
 u - 4 potions of brilliance
 K - 4 potions of curing
Books
 F - a book of Misfortune

   Spells                             Type                      Level
   a - Confusing Touch                Hexes                        1
   b - Confuse                        Hexes                        3
   c - Gell's Gravitas                Translocation                3
   d - Petrify                        Transmutation/Earth          4
   e - Metabolic Englaciation         Hexes/Ice                    5
   f - Yara's Violent Unravelling     Hexes/Transmutation          5
Miscellaneous
 H - a fan of gales (inert)
Comestibles
 f - 26 rations


   Skills:
 + Level 10.4 Fighting
 + Level 12.1 Axes
 + Level 6.3 Armour
 + Level 4.3 Dodging
 - Level 9.0 Shields
 * Level 7.0 Invocations


You had 11 spell levels left.
You didn't know any spells.

Dungeon Overview and Level Annotations

Branches:
Dungeon (11/15)            Temple (1/1) D:5            Lair (3/6) D:10
 Shoals (0/4) Lair:3        Snake (0/4) Lair:2
    Orc: D:9-12

Altars:
Ashenzari
Cheibriados
Dithmenos
Elyvilon
Fedhas
Gozag
Hepliaklqana
Kikubaaqudgha
Makhleb
Nemelex Xobeh
Okawaru
Qazlal
Ru
Sif Muna
Trog
Uskayaw
Vehumet
Wu Jian
Xom
Yredelemnul
Zin
The Shining One

Shops:
D:9 [   D:10 (

Annotations:
D:2 exclusion: downstairs
D:3 Natasha
D:4 exclusion: downstairs
D:7 exclusion: downstairs
D:10 exclusion: downstairs
D:11 Maurice
Lair:2 exclusions: upstairs and 1 more exclusion


Innate Abilities, Weirdness & Mutations

You cannot be hasted, slowed, berserked, paralysed or teleported.
You can dig through walls and to a lower floor.
Your four strong arms can wield two-handed weapons with a shield.
You have a pair of large antennae on your head. (SInv)


Message History

Found 14 gold pieces.
You slice the water moccasin!!
The water moccasin is almost dead.
You hit the spiny frog but do no damage.
The black mamba bites itself!
You block the spiny frog's attack.
The water moccasin bites you but does no damage.
You can now pass through a line of other dancers.
You hit the water moccasin.
The water moccasin is almost dead.
You hit the black mamba but do no damage.
You barely miss the spiny frog.
The water moccasin seems less confused.
The black mamba seems less confused.
You block the black mamba's attack. The water moccasin barely misses you.
You block the spiny frog's attack.
You slash the water moccasin!
You kill the water moccasin!
Your Invocations skill increases to level 7!
You slice the spiny frog!! You hit the black mamba.
You block the black mamba's attack. You block the spiny frog's attack.
You block the black mamba's attack. The wyvern bites you!
You die...

{ {
...##
PP..# {
P..## {
{
:..###
{
##F..$#
{ #@S##
##lS##
{ {
#lS.##
{
##...#
#....#
##....#
#.....#
##....#
..P.P.


You could see a black mamba, a spiny frog, 2 water moccasins and 2 wyverns.

Vanquished Creatures
  2 hydras (Lair:1)
  A two-headed ogre (D:9)
  An unseen horror (D:10)
  Pikel (D:8)
  A spiny frog (Lair:2)
  3 hippogriffs
  Sigmund (D:3)
  A spriggan (D:7)
  A basilisk (D:10)
  11 yaks
  2 nagas (Lair:2)
  6 porcupines
  6 water moccasins
  A hornet zombie (D:8)
  3 sky beasts
  An ice beast (D:4)
  2 phantoms
  6 orc warriors
  4 ogres
  10 wolves
  3 centaurs
  4 crocodiles
  A big kobold (D:10)
  6 bullfrogs
  A wyvern skeleton (D:10)
  A water moccasin skeleton (D:9)
  2 scorpions
  4 wights (D:6)
  3 howler monkeys
  14 crimson imps
  A bullfrog zombie (D:6)
  4 hounds
  3 jellies
  4 orc wizards
  7 orc priests
  2 bullfrog skeletons
  7 iguanas
  Ijyb (D:4)
  7 worker ants
  A hound skeleton (D:4)
  Robin (D:3)
  7 gnolls
  2 howler monkey skeletons
  A worker ant zombie (D:5)
  5 adders
  3 shadow imps
  A white imp (D:10)
  4 worms
  3 dart slugs
  4 leopard geckos
  39 orcs
  7 giant cockroaches
  9 hobgoblins
  15 jackals
  5 quokkas
  10 bats
  4 frilled lizards
  17 goblins
  12 kobolds
  2 leopard gecko skeletons
  8 rats
  2 fungi (Lair:2)
  A plant (Lair:1)
302 creatures vanquished.

Vanquished Creatures (others)
  3 slaves (D:8)
  An ogre (D:8)
  A hound (D:5)
  3 fungi (D:10)
  4 plants (D:10)
12 creatures vanquished.

Grand Total: 314 creatures vanquished

Notes
Turn   | Place    | Note
-------+----------+-------------------------------------------
     0 | D:1      | nightchill the Formicid Fighter began the quest for the Orb.
     0 | D:1      | Reached XP level 1. HP: 18/18 MP: 1/1
   287 | D:1      | Reached XP level 2. HP: 12/24 MP: 2/2
   807 | D:1      | Reached XP level 3. HP: 29/29 MP: 3/3
  1030 | D:1      | Reached skill level 3 in Axes
  1406 | D:2      | Reached XP level 4. HP: 34/37 MP: 4/4
  1601 | D:2      | Found a snail-covered altar of Cheibriados.
  1720 | D:2      | Reached XP level 5. HP: 40/42 MP: 5/5
  1740 | D:2      | HP: 1/42 [gnoll/flail (10)]
  1784 | D:2      | Reached skill level 4 in Axes
  2281 | D:2      | Found a faded altar of an unknown god.
  2329 | D:3      | Noticed Sigmund
  2380 | D:3      | Killed Sigmund
  2380 | D:3      | Reached skill level 5 in Shields
  2380 | D:3      | Reached XP level 6. HP: 24/50 MP: 6/6
  2652 | D:3      | Reached skill level 5 in Axes
  2730 | D:3      | Reached XP level 7. HP: 53/55 MP: 7/7
  2771 | D:3      | Found a shadowy altar of Dithmenos.
  2772 | D:3      | Noticed Natasha
  2900 | D:3      | Noticed Robin
  2919 | D:3      | Killed Robin
  3356 | D:4      | Reached skill level 5 in Fighting
  3460 | D:4      | Found a glowing silver altar of Zin.
  3541 | D:4      | Noticed Ijyb
  3558 | D:4      | Killed Ijyb
  3955 | D:5      | Entered Level 5 of the Dungeon
  3967 | D:5      | Found a staircase to the Ecumenical Temple.
  4011 | D:5      | Reached skill level 6 in Axes
  4191 | Temple   | Entered the Ecumenical Temple
  4254 | D:5      | Reached XP level 8. HP: 58/63 MP: 8/8
  5231 | D:5      | Found a deep blue altar of Sif Muna.
  5399 | D:6      | Reached skill level 7 in Axes
  5611 | D:6      | Found a stormy altar of Qazlal.
  5787 | D:6      | Reached XP level 9. HP: 51/71 MP: 9/9
  6249 | D:6      | Reached skill level 8 in Axes
  6898 | D:7      | Found a shattered altar of Ashenzari.
  7156 | D:7      | Noticed a hippogriff
  7170 | D:7      | Killed a hippogriff
  7275 | D:7      | Reached skill level 9 in Axes
  7786 | D:7      | Reached XP level 10. HP: 80/80 MP: 10/10
  7986 | D:8      | Found a basalt altar of Yredelemnul.
  8276 | D:8      | Noticed a two-headed ogre
  8485 | D:8      | Noticed Pikel
  8501 | D:8      | Killed Pikel
  8501 | D:8      | Reached skill level 10 in Axes
  9025 | D:9      | Killed a two-headed ogre
  9286 | D:9      | Reached skill level 11 in Axes
  9291 | D:9      | Found an ornate altar of the Wu Jian Council.
  9291 | D:9      | Found a bloodstained altar of Trog.
  9313 | D:9      | Reached skill level 1 in Dodging
  9340 | D:9      | Reached XP level 11. HP: 59/89 MP: 11/11
  9494 | D:9      | Found a hide-covered altar of Uskayaw.
  9494 | D:9      | Found a sparkling altar of Nemelex Xobeh.
  9502 | D:9      | Became a worshipper of Uskayaw the Reveler
  9537 | D:9      | Reached * piety under Uskayaw
  9613 | D:9      | Found Eperew's Armour Shop.
  9682 | D:9      | Reached ** piety under Uskayaw
  9689 | D:9      | Reached *** piety under Uskayaw
  9821 | D:9      | Found a white marble altar of Elyvilon.
 10091 | D:10     | Entered Level 10 of the Dungeon
 10100 | D:10     | Reached skill level 1 in Invocations
 10450 | D:10     | Found Exygo's Antique Weapon Emporium.
 10629 | D:10     | Reached **** piety under Uskayaw
 10631 | D:10     | Reached ***** piety under Uskayaw
 10633 | D:10     | Reached skill level 5 in Armour
 10806 | D:10     | Reached ****** piety under Uskayaw
 10808 | D:10     | Found a staircase to the Lair.
 11079 | D:10     | Reached skill level 10 in Fighting
 11121 | D:10     | Noticed an unseen horror
 11136 | D:10     | Killed an unseen horror
 11136 | D:10     | Reached skill level 5 in Invocations
 11656 | D:11     | Noticed Maurice
 11671 | Lair:1   | Entered Level 1 of the Lair of Beasts
 12261 | Lair:1   | Noticed a four-headed hydra
 12283 | Lair:1   | Killed a one-headed hydra
 12664 | Lair:1   | Noticed a five-headed hydra
 12675 | Lair:1   | Killed a one-headed hydra
 12675 | Lair:1   | Reached skill level 12 in Axes
 12675 | Lair:1   | Reached XP level 12. HP: 47/97 MP: 16/16
 13407 | Lair:2   | Found a basalt altar of Yredelemnul.
 14343 | Lair:2   | Found a staircase to the Snake Pit.
 14721 | Lair:3   | Found a staircase to the Shoals.
 14737 | Lair:3   | You fall through a shaft for 3 floors!
 14737 | Lair:6   | Entered Level 6 of the Lair of Beasts
 14745 | Lair:6   | Slain by a wyvern

Skill      XL: |  1  2  3  4  5  6  7  8  9 10 11 12 |
---------------+-------------------------------------+-----
Shields        | 4 5 6 7 8 9 |  9.0
Axes           | 3 4 5 6 7 9 11 12 | 12.1
Fighting       | 4 5 6 7 9 10 | 10.4
Dodging        | 1 4 |  4.3
Armour         | 4 6 |  6.3
Invocations    | 6 7 |  7.0

Action                   |  1- 3 |  4- 6 |  7- 9 | 10-12 || total
-------------------------+-------+-------+-------+-------++-------
Melee: War axe           |   155 |   115 |   438 |   500 ||  1208
       Hand axe          |       |       |       |    29 ||    29
Throw: Stone             |       |       |       |     1 ||     1
Invok: Line Pass         |       |       |       |     4 ||     4
       Stomp             |       |       |       |     2 ||     2
       Grand Finale      |       |       |       |     1 ||     1
 Abil: Dig               |       |     3 |     3 |     9 ||    15
       Shaft Self        |       |       |       |     1 ||     1
Evoke: Wand              |       |       |     1 |       ||     1
       Fan of gales      |       |       |       |     1 ||     1
  Use: Potion            |       |     4 |     1 |     4 ||     9
       Scroll            |       |       |    17 |     3 ||    20
 Stab: Paralysed         |       |       |       |    25 ||    25
       Confused          |       |       |       |     1 ||     1
  Eat: Chunk             |     2 |     5 |    17 |    17 ||    41
       Ration            |       |       |       |     2 ||     2
Armor: Scale mail        |    74 |    40 |    59 |       ||   173
       Skin              |       |     3 |       |       ||     3
       Plate armour      |       |       |    60 |   155 ||   215
Dodge: Dodged            |    49 |    32 |   113 |    93 ||   287
Block: Shield            |    95 |    51 |   234 |   287 ||   667
